 Seeded DCSS version 0.28-a0-793-g31680bbd8b (webtiles) character file.

Game seed: 20211104 (custom seed)

29 a11behringer the Shield-Bearer (level 3, -2/23 HPs)
             Began as a Gargoyle Fighter on Nov 4, 2021.
             Slain by Sigmund (8 damage)
             ... on level 2 of the Dungeon.
             The game lasted 00:03:52 (708 turns).

a11behringer the Shield-Bearer (Gargoyle Fighter)    Turns: 708, Time: 00:03:52

Health: -2/23      AC: 10    Str: 20    XL:     3   Next: 16%
Magic:  3/3        EV:  9    Int:  8    God:
Gold:   53         SH:  4    Dex:  9    Spells: 2/2 levels left

rFire   . . .      SeeInvis .   a - +0 flail
rCold   . . .      Faith    .   c - +0 buckler
rNeg    + . .      Spirit   .   b - +0 scale mail
rPois   ∞          Reflect  .   (no helmet)
rElec   +          Harm     .   (no cloak)
rCorr   .          Rampage  .   (no gloves)
Will    .....                   (no boots)
Stlth   ..........              (no amulet)
HPRegen 0.07/turn               (no ring)
MPRegen 0.08/turn               (no ring)

@: no status effects
A: sickness immunity, AC +3, negative energy resistance 1, electricity
resistance, torment resistance 1, petrification resistance
a: no special abilities


You were on level 2 of the Dungeon.
You visited 1 branch of the dungeon, and saw 2 of its levels.

You collected 53 gold pieces.

Inventory:

Hand Weapons
 a - a +0 flail (weapon)
Missiles
 e - 19 arrows
Armour
 b - a +0 scale mail (worn)
 c - a +0 buckler (worn)
Scrolls
 g - a scroll of enchant weapon
Potions
 d - a potion of might
 f - a potion of ambrosia {unknown}
 h - a potion of curing {unknown}


   Skills:
 + Level 3.5 Fighting
 * Level 2.4 Maces & Flails
 + Level 3.5 Armour
 + Level 3.8 Shields


You had 2 spell levels left.
You didn't know any spells.
Your spell library was empty.

Dungeon Overview and Level Annotations

Branches:
Dungeon (2/15)

Altars:

Annotations:
D:2 Sigmund


Innate Abilities, Weirdness & Mutations

You are immune to sickness and miasma.
Your stone body is resilient. (AC +3)
You are immune to poison.
You resist negative energy. (rN+)
You are resistant to electric shocks. (rElec)
You are resistant to unholy torment.
You are immune to petrification.


Message History

You thump the endoplasm!
You kill the endoplasm!
A dart slug comes into view.
The dart slug launches a dart at you. The slug dart misses you.
Sigmund the Dreaded comes into view.
He is wielding a +0 scythe.
The dart slug launches a dart at you.
The slug dart hits you but does no damage.
An endoplasm comes into view.
The endoplasm quivers.
You hit the dart slug.
The dart slug is heavily wounded.
Sigmund mumbles some strange words.
Sigmund flickers and vanishes!
Deactivating autopickup; reactivate with Ctrl-A.
You hit the dart slug.
You kill the dart slug!
An endoplasm is nearby!
An endoplasm is nearby!
An endoplasm is nearby!
An endoplasm is nearby!
You block something's attack.
You closely miss something.
You hear some strange, mumbled words.
A magic dart appears from out of thin air!
The magic dart hits you but does no damage.
You hit something but do no damage. Something hits you.
You hit something. Something hits you.
You completely miss something. Something hits you but does no damage.
You miss something. You barely miss something.
Something hits you but does no damage.
You barely miss something. Something hits you.
You miss something.
You hear some strange, mumbled words.
A puff of flame appears from out of thin air!
The puff of flame misses you.
You miss something. Something hits you!
* * * LOW HITPOINT WARNING * * *
You closely miss something. Something hits you!
You die...

...#.......## #
#..........#.#
...........
####.......#
#......†..#
#.........#
.##.........#
.........#########
##.....J{@......##
.......#########..#
###.#............##
#....#######.#.#
###..## #.#.#
#...## #.#.#
###....# ###.#.#
#......###.#.#.#
#....##..#.#.#


You could see an endoplasm.

Vanquished Creatures
  2 dart slugs
  6 bats (D:1)
  3 endoplasms
  A giant cockroach (D:1)
  5 hobgoblins
  A kobold (D:1)
  2 frilled lizards (D:1)
  3 rats (D:1)
23 creatures vanquished.

Notes
Turn   | Place    | Note
-------+----------+-------------------------------------------
     0 | D:1      | a11behringer the Gargoyle Fighter began the quest for the
                  | Orb.
     0 | D:1      | Reached XP level 1. HP: 14/14 MP: 1/1
   106 | D:1      | Reached XP level 2. HP: 18/19 MP: 2/2
   627 | D:2      | Reached XP level 3. HP: 23/23 MP: 3/3
   689 | D:2      | Noticed Sigmund
   708 | D:2      | Slain by Sigmund

Illustrated notes

Levels and vault maps discovered:
D:1:      beargit_arrival_greenhouse, layout_basic
D:2:      layout_rooms, serial_co_window_serial, co_window_paths_a,
          co_window_paths_a, co_window_of_opportunity_a, co_window_paths_a,
          co_window_paths_b, co_window_of_opportunity_c, co_window_paths_c,
          co_window_corner_cb, co_window_2corner, glass_columns_b,
          glass_columns_a, glass_columns_a, glass_columns_a,
          ebering_ecumenical_altar_abandoned, uniq_sigmund

Action                   || total
-------------------------++-------
Melee: Flail             ||    80
  Use: Scroll            ||     3
Armor: Scale mail        ||    47
Dodge: Dodged            ||    63
Block: Buckler           ||    26

Table legend: (Time is in decaauts)
 A = Elapsed time spent in this place.
 B = Non-inter-level travel time spent in this place.
 C = Inter-level travel time spent in this place.
 D = Time resting spent in this place.
 E = Time spent auto-exploring this place.
 F = Levels seen in this place.
 G = Mean time per level.
                   A        B        C        D        E       F      G
               +--------+--------+--------+--------+--------+-----+--------+
         Total |    731 |    539 |    192 |      0 |    320 |   2 |  365.5 |
       Dungeon |    731 |    539 |    192 |      0 |    320 |   2 |  365.5 |
               +--------+--------+--------+--------+--------+-----+--------+

Top non-repeatable levels by time:
     D:1: 637 daAuts
     D:2: 93 daAuts
